[Event "Early-Titled-Tuesday-Blitz-May-07-2024"]
[Site "Chess.com"]
[Date "2024.05.07"]
[Round "10"]
[White "andrzej"]
[Black "Zq1"]
[Result "0-1"]
[WhiteElo "2470"]
[BlackElo "2623"]
[TimeControl "180+1"]
[EndTime "10:03:23 PDT"]
[Termination "Zq1 won by resignation"]

1. e4 c5 2. Nf3 d6 3. d4 cxd4 4. Nxd4 Nf6 5. Nc3 Nc6 6. Bg5 g6 7. Bxf6 exf6 8. Bb5 Bd7 9. Qd2 Bg7 10. O-O-O O-O 11.
Nb3 a6 12. Bxc6 Bxc6 13. Qxd6 Qxd6 14. Rxd6 f5 15. exf5 Bxg2 16. Rg1 Bh3 17. Nd5 Rfd8 18. Rxd8+ Rxd8 19. c4 Bh6+ 20. f4 Bxf5 21. Ne7+ Kf8 22. Nxf5 Bxf4+ 23. Kc2 gxf5 24. h4 Be5 25. Nc5 Rd4 26.
b3 Ke7 27. Re1 Kf6 28. h5 f4 29. Nd3 Bc7 30. Kc3 Rd8 31. Nc5 Be5+ 32. Kc2 Kf5 33. Nxb7 Rg8 34. c5 Rg2+ 35. Kd3 Rg3+ 36. Kc4 Rc3+ 37.
Kd5 Rd3+ 38. Kc6 f3 39. Nd6+ Bxd6 40. cxd6 Kf4 41. d7 f2 42. Rf1 Kf3 43. Kc7 Kg2 44.
Rxf2+ Kxf2 45. d8=Q Rxd8 46. Kxd8 f5 47. b4 f4 48. a4 f3 49. b5 axb5 50. axb5 Kg2 51.
b6 f2 52. b7 f1=Q 53. b8=Q Qf8+ 54. Kc7 Qxb8+ 55. Kxb8 Kg3 56. Kc7 Kg4 57. Kd6 Kxh5 58. Ke5 Kg4 59. Ke4 Kg3 60. Ke3 h5 61. Ke2 Kg2 62. Ke3 h4 63. Kf4 h3 0-1

[Event "Early-Titled-Tuesday-Blitz-May-07-2024"]
[Site "Chess.com"]
[Date "2024.05.07"]
[Round "10"]
[White "azikom"]
[Black "Sjakkerntobi"]
[Result "1-0"]
[WhiteElo "2747"]
[BlackElo "2549"]
[TimeControl "180+1"]
[EndTime "10:03:24 PDT"]
[Termination "azikom won by resignation"]

1. d4 Nf6 2. c4 e6 3. Nc3 c5 4. d5 exd5 5. cxd5 d6 6. Nf3 g6 7.
Bf4 Bg7 8. e3 a6 9. Qa4+ Bd7 10.
Qb3 Qc7 11. a4 O-O 12. h3 Re8 13. Be2 Bf5 14. O-O Ne4 15. Rfc1 Nd7 16. a5 Nxc3 17.
bxc3 b5 18. axb6 Nxb6 19. Rxa6 Rxa6 20. Bxa6 Ra8 21. Be2 c4 22. Qb5 Be4 23. Qc6 Qxc6 24. dxc6 Bxc6 25. Bxd6 Ra2 26. Bf1 Be4 27. Bc5 Na4 28.
Bxc4 Rc2 29. Rxc2 Bxc2 30. Bd4 Nxc3 31. Ne5 Bxe5 32. Bxe5 Ne4 33. f3 Nc5 34. e4 Bd3 35. Bd5 Ne6 36. Kf2 h5 37. h4 Bb5 38. Ke3 Bd7 39. Bf6 Nf8 40. Kd4 Be6 41. Be7 Nd7 42. Bd8 Nf8 43. Bc6 Bd7 44. Bd5 Be6 45. Kc5 Nd7+ 46. Kd6 Nf8 47. Be7 Bd7 48. Bxf8 1-0

[Event "Early-Titled-Tuesday-Blitz-May-07-2024"]
[Site "Chess.com"]
[Date "2024.05.07"]
[Round "10"]
[White "secretsuperstar7"]
[Black "Barbix1"]
[Result "0-1"]
[WhiteElo "2458"]
[BlackElo "2309"]
[TimeControl "180+1"]
[EndTime "10:03:24 PDT"]
[Termination "Barbix1 won on time"]

1. c4 e5 2. Nc3 d6 3. g3 f5 4. Bg2 Nf6 5. d3 Be7 6. e3 O-O 7. Nge2 c6 8. O-O a5 9. b3 Be6 10. Bb2 Qe8 11. f3 Qg6 12. d4 Na6 13. Na4 Rad8 14.
Qc2 Nd7 15. a3 Qh6 16. Qd3 Bf6 17. Bc3 d5 18. cxd5 Bxd5 19. Bxa5 Rde8 20. e4 fxe4 21.
fxe4 Be6 22. Bd2 Qh5 23. b4 Bg4 24. Nac3 exd4 25. Nf4 Qe5 26. Nd1 Kh8 27. h3 Bxd1 28. Raxd1 Qd6 29. Be1 Rd8 30. Bf2 c5 31. bxc5 Ndxc5 32.
Qc4 Be5 33. Nd5 Bxg3 34. Bxd4 Be5 35. Be3 Qg6 36. Kh1 Qg3 37. Bg1 Ne6 38. Rd3 Qg6 39. Rxf8+ Rxf8 40. Ne7 Qf6 41. Nf5 Nac5 42. Rf3 Qg5 43.
Ne3 Rxf3 44. Bxf3 Qf4 45. Qd5 Qxf3+ 46. Ng2 h6 0-1

[Event "Early-Titled-Tuesday-Blitz-May-07-2024"]
[Site "Chess.com"]
[Date "2024.05.07"]
[Round "10"]
[White "Arteler"]
[Black "akanga001"]
[Result "0-1"]
[WhiteElo "2294"]
[BlackElo "2163"]
[TimeControl "180+1"]
[EndTime "10:03:24 PDT"]
[Termination "akanga001 won by checkmate"]

1. e4 e6 2. d4 d5 3. e5 c5 4. c3 Ne7 5. Bd3 Nec6 6. Nf3 a5 7.
O-O b6 8. Na3 Ba6 9. Nb5 c4 10.
Bg5 Qc8 11. Bxc4 dxc4 12. d5 Bxb5 13. dxc6 Nxc6 14. a4 Ba6 15. Nd4 Be7 16. Nxc6 Bxg5 17. Nd4 O-O 18. Qg4 Be7 19. f4 Bc5 20. Kh1 Bxd4 21.
cxd4 Bb7 22. f5 exf5 23. Rxf5 Qc6 24. Rg5 g6 25. Rf1 Bc8 26. Qg3 Be6 27. Rf6 Qd7 28.
h4 Ra7 29. h5 Qxd4 30. hxg6 Qd1+ 31. Kh2 hxg6 32. Rxe6 fxe6 33. Rxg6+ Kf7 34. Qg5 Rh8+ 35.
Kg3 Qe1+ 36. Kf3 Qf1+ 37. Kg3 Qe1+ 38. Kf3 Qd1+ 39. Kf2 Qc2+ 40. Kf3 Qd3+ 41. Kf2 Qd4+ 42. Ke2 Qe4+ 43. Kf2 Qxg6 44. Qf4+ Qf5 45. Ke3 Qxf4+ 46. Kxf4 Kg6 47. g4 Rf7+ 48. Kg3 Rh6 49. Kg2 Kg5 50. Kg3 Rh4 51. Kg2 Rf4 52. Kg3 Rhxg4+ 53. Kh2 Rf8 54. Kh3 Rh8# 0-1

[Event "Early-Titled-Tuesday-Blitz-May-07-2024"]
[Site "Chess.com"]
[Date "2024.05.07"]
[Round "10"]
[White "Njal28"]
[Black "Nitzan_Steinberg"]
[Result "0-1"]
[WhiteElo "3101"]
[BlackElo "2953"]
[TimeControl "180+1"]
[EndTime "10:03:26 PDT"]
[Termination "Nitzan_Steinberg won by resignation"]

1. e4 c5 2. Nf3 d6 3. Nc3 Nf6 4. d4 cxd4 5. Qxd4 e5 6. Bb5+ Nbd7 7. Qe3 a6 8. Ba4 b5 9. Bb3 Nc5 10. O-O Be7 11. Rd1 Qc7 12. Nd5 Nxd5 13. Bxd5 Bb7 14.
c3 O-O 15. b3 Rfc8 16. Ba3 Bxd5 17. Rxd5 Ne6 18. Rad1 Nf4 19. R5d2 Qxc3 20. Bxd6 Qxe3 21. fxe3 Bxd6 22. Rxd6 Ne2+ 23. Kf1 Nc3 24. Rc1 f6 25. Nd2 a5 26. a3 Rc7 27. Rb6 a4 28. b4 Rac8 29. Ke1 Kf7 30. g4 h6 31. h4 Ke7 32.
Rc2 Kd7 33. h5 Rc6 34. Rb7+ R6c7 35. Rb6 Rd8 36. Nf3 Rdc8 37. Rd2+ Ke7 38. Rc2 Kd7 39.
Nh4 Nxe4 40. Rxc7+ Rxc7 41. Rxb5 Rc3 42. Rb7+ Kc8 43. Rxg7 Rxe3+ 44. Kd1 Rxa3 45. Nf5 Ra2 46. Ra7 a3 47. Ne7+ Kd8 48. Nc6+ Ke8 49. b5 Nc3+ 50. Ke1 Nxb5 51. Nb4 Rb2 52. Nd5 Nxa7 53. Nxf6+ Kd8 54. g5 a2 0-1

[Event "Early-Titled-Tuesday-Blitz-May-07-2024"]
[Site "Chess.com"]
[Date "2024.05.07"]
[Round "10"]
[White "BashirliSaadat"]
[Black "AlexanderKing"]
[Result "0-1"]
[WhiteElo "2387"]
[BlackElo "2561"]
[TimeControl "180+1"]
[EndTime "10:03:27 PDT"]
[Termination "AlexanderKing won by checkmate"]

1. d4 Nf6 2. c4 g6 3. Nc3 d5 4.
cxd5 Nxd5 5. e4 Nxc3 6. bxc3 Bg7 7. Nf3 c5 8. Be3 Qa5 9. Qd2 O-O 10. Be2 Bg4 11. O-O Nc6 12. Rfd1 Rfd8 13. e5 Bxf3 14. Bxf3 Bxe5 15. Bxc6 bxc6 16. Qc2 Bf6 17. Qe4 Rac8 18.
Rdc1 cxd4 19. cxd4 Qd5 20. Qg4 Bxd4 21. Rd1 Bxa1 22. Rxd5 cxd5 23. h3 d4 24. Bd2 Bc3 25. Bc1 d3 26. Qg5 d2 27. Bxd2 Bxd2 28. Qxe7 a5 29.
Qe2 Bb4 30. g3 Rc3 31. Kg2 Ra3 32. Qc4 Rad3 33. Qe4 Rd2 34. Qe3 Rxa2 35. h4 h5 36. Qe5 Rad2 37. Kf3 R2d5 38. Qe4 Bc5 39. Qc4 Rf5+ 40. Ke2 Rxf2+ 41. Ke1 Rf5 42. Qe4 Bf2+ 43. Ke2 Bxg3 44. Qa4 Re5+ 45. Kf3 Be1 46. Kg2 Rf5 47. Qc2 Bxh4 48. Qc4 Bf6 49. Kg1 Kg7 50. Kg2 Rd4 51.
Qc6 Rg4+ 52. Kh2 Rfg5 53. Qc2 Rh4# 0-1

[Event "Early-Titled-Tuesday-Blitz-May-07-2024"]
[Site "Chess.com"]
[Date "2024.05.07"]
[Round "10"]
[White "MasterKroket"]
[Black "Kunalm64"]
[Result "1/2-1/2"]
[WhiteElo "2516"]
[BlackElo "2614"]
[TimeControl "180+1"]
[EndTime "10:03:32 PDT"]
[Termination "Game drawn - insufficient material"]

1. e4 c6 2. d4 d5 3. Nc3 a6 4. e5 c5 5. f4 Nc6 6. Nf3 Bg4 7.
dxc5 e6 8. Na4 Bxc5 9. Nxc5 Qa5+ 10. c3 Qxc5 11. h3 Bxf3 12. Qxf3 d4 13. Bd2 Nge7 14.
Bd3 dxc3 15. Bxc3 Nd5 16. Rc1 O-O-O 17. Be4 Kb8 18. Bd2 Qb6 19. Qb3 Qxb3 20. axb3 Nd4 21. b4 Nb3 22. Rc2 Nxd2 23. Rxd2 Nxb4 24. Ke2 Rxd2+ 25. Kxd2 Rd8+ 26. Kc3 Nd5+ 27. Kc2 Nxf4 28. Rf1 g5 29. g3 Rc8+ 30. Kb3 Ne2 31. Rxf7 Nd4+ 32.
Ka2 Rc7 33. Rxh7 Rxh7 34. Bxh7 Nf3 35. Bg8 g4 36. hxg4 Ng5 37. Kb3 Kc7 38. Kc4 b6 39. Kd4 Kd7 40. Ke3 Ke7 41. Kf4 Nh3+ 42. Ke4 a5 43. Kd4 Ng5 44. Kc4 Kd7 45. Kb5 Kc7 46. b4 axb4 47. Kxb4 Kc6 48. Kc4 b5+ 49. Kd4 Kd7 50.
Kc5 Ke7 51. Kxb5 Kf8 52. Bxe6 Nxe6 53. Kc6 Kf7 54. Kd6 Nf8 55. Kd5 Kg6 56. Kd6 Kg5 57.
e6 Nxe6 58. Kxe6 Kxg4 59. Ke5 Kxg3 1/2-1/2

[Event "Early-Titled-Tuesday-Blitz-May-07-2024"]
[Site "Chess.com"]
[Date "2024.05.07"]
[Round "10"]
[White "MarkusRagger"]
[Black "watermelonattackk"]
[Result "1-0"]
[WhiteElo "2789"]
[BlackElo "2560"]
[TimeControl "180+1"]
[EndTime "10:03:33 PDT"]
[Termination "MarkusRagger won by resignation"]

1. e4 e5 2. Nf3 Nc6 3. Bc4 Nf6 4.
d3 Be7 5. O-O d6 6. a4 h6 7. a5 a6 8. c3 O-O 9. b4 Be6 10. Bxe6 fxe6 11. Nbd2 Nh7 12. Re1 Bg5 13. Qb3 Qd7 14. Nxg5 Nxg5 15. Nf1 Nh7 16. Ng3 Ne7 17. h3 Ng6 18. Be3 Nf4 19. d4 Qf7 20. dxe5 dxe5 21.
Rad1 Rae8 22. Bc5 Ng5 23. Bxf8 Rxf8 24. Qc2 Qg6 25. Re3 h5 26. h4 Nh7 27. Rd2 Nf6 28. Qd1 Ng4 29. Rf3 Kh7 30. Rd8 Rf6 31. Rc8 Rf7 32. Qd8 Kh6 33. Rxc7 Rxc7 34. Qxc7 Qf6 35. Qc8 Qxh4 36. Rxf4 exf4 37. Qxe6+ Qf6 38. Nf5+ Kh7 39.
Qxf6 Nxf6 40. Nd6 g5 41. Nxb7 Nxe4 42. b5 Nxc3 43. b6 Ne4 44. Nd8 Nc5 45. b7 Nd7 46. Nc6 Kg6 47. b8=Q Nxb8 48. Nxb8 Kf6 49. Nxa6 Ke6 50.
Nc5+ Kd6 51. Ne6 f3 52. Nxg5 fxg2 53. Kxg2 Kc6 54. f4 Kb5 55. f5 Kxa5 56. f6 1-0

[Event "Early-Titled-Tuesday-Blitz-May-07-2024"]
[Site "Chess.com"]
[Date "2024.05.07"]
[Round "10"]
[White "emeli_chess"]
[Black "rookpower2004"]
[Result "1-0"]
[WhiteElo "2436"]
[BlackElo "2522"]
[TimeControl "180+1"]
[EndTime "10:03:33 PDT"]
[Termination "emeli_chess won on time"]

1. d4 d5 2. c4 e6 3. Nc3 Nf6 4. cxd5 exd5 5. Bg5 Be7 6. e3 c6 7. Bd3 h6 8. Bh4 O-O 9. Qc2 Re8 10. Nf3 Nbd7 11. O-O Nh5 12. Bxe7 Qxe7 13. Rab1 b6 14. b4 Bb7 15. a4 Rac8 16. a5 Nf8 17. axb6 axb6 18. Qb3 Nf6 19. Ne5 N8d7 20. f4 Rb8 21. h3 c5 22. bxc5 bxc5 23. Qd1 Nf8 24. Bc2 N6d7 25.
Qd3 c4 26. Qf5 Bc8 27. Qh5 Rxb1 28. Bxb1 Nb6 29. Re1 Be6 30. Qf3 Qb4 31. Rc1 Qb2 32. Qd1 Rb8 33. Qc2 Qxc2 34. Bxc2 f6 35. Nf3 Nbd7 36.
Rb1 Rxb1+ 37. Bxb1 Kf7 38. e4 dxe4 39. Bxe4 Nb6 40. d5 Bc8 41. Nd4 Nfd7 42. Bf5 Nc5 43. Bxc8 Nxc8 44. Kf2 Nd6 45. Ke3 Ke7 46. g4 g6 47. f5 g5 48. Ne6 Nxe6 49. dxe6 Nb7 50. Nd5+ 1-0

[Event "Early-Titled-Tuesday-Blitz-May-07-2024"]
[Site "Chess.com"]
[Date "2024.05.07"]
[Round "10"]
[White "baki83"]
[Black "Meri-Arabidze"]
[Result "1-0"]
[WhiteElo "2915"]
[BlackElo "2708"]
[TimeControl "180+1"]
[EndTime "10:03:35 PDT"]
[Termination "baki83 won on time"]

1. e4 c5 2. Nf3 e6 3. c3 Nf6 4. e5 Nd5 5. a3 b6 6. d4 cxd4 7. c4 Ne7 8. Nxd4 a6 9. Nc3 Bb7 10. Bg5 h6 11. Bh4 Qc7 12. Bg3 Nec6 13. Nf3 Ne7 14. Bd3 Nbc6 15. O-O Rd8 16. Re1 Nc8 17. Nd5 Qb8 18. Qe2 b5 19. cxb5 axb5 20. Bxb5 Bc5 21. Rac1 Ba7 22. Nf4 O-O 23. Nh5 N8e7 24. Bd3 Ng6 25.
Qd2 Nce7 26. Be4 Bxe4 27. Rxe4 Nf5 28. Rb4 Qa8 29. Rbc4 Bb6 30. Bf4 Nxf4 31. Nxf4 d6 32. exd6 Nxd6 33. Rc6 Ne4 34. Qe2 Bxf2+ 35. Kf1 f5 36.
Nxe6 Rfe8 37. Nxd8 Qxd8 38. Qc4+ Kh7 39. Rc8 Qd7 40.
Rxe8 Qxe8 41. Qe2 Qd7 42. Rd1 Qa4 43. Nd2 Bc5 44. Nxe4 fxe4 45. g3 e3 46. Qd3+ Kh8 47. Qd8+ Kh7 48. Qd3+ Kh8 49. Ke2 Qa5 50. b4 Bxb4 51.
axb4 Qxb4 52. Kxe3 Qc5+ 53. Qd4 Qa3+ 54. Kf2 Qa2+ 55.
Kg1 Kh7 56. Qd3+ Kh8 57. Qd8+ Kh7 58. Qd4 Qa5 59. Rf1 Kh8 60. Qf2 Kh7 61. Qf5+ 1-0

[Event "Early-Titled-Tuesday-Blitz-May-07-2024"]
[Site "Chess.com"]
[Date "2024.05.07"]
[Round "10"]
[White "Ivan11Martic"]
[Black "Payyappat"]
[Result "0-1"]
[WhiteElo "2615"]
[BlackElo "2523"]
[TimeControl "180+1"]
[EndTime "10:03:37 PDT"]
[Termination "Payyappat won on time"]

1. e4 c6 2. d4 d5 3. exd5 cxd5 4. Bd3 Nc6 5. c3 Qc7 6. Ne2 Bg4 7. f3 Bh5 8. O-O Bg6 9. Nf4 e6 10. Qe2 O-O-O 11. a4 Bd6 12. Qe3 Nge7 13. Na3 a6 14. g3 Bxf4 15. Qxf4 Qxf4 16. Bxf4 Bxd3 17. Rfe1 Bg6 18.
Nb5 e5 19. dxe5 axb5 20. axb5 Nb8 21. e6 fxe6 22. Rxe6 Kd7 23. Rb6 Ke8 24. Rxb7 Nd7 25. Re1 Kf7 26. Bc7 Nc8 27. Bxd8 Rxd8 28. b6 Nxb6 29. Kf2 Kf6 30. Ra1 Nc4 31. b3 Nce5 32.
Ra6+ Kf5 33. Rd6 Nd3+ 34. Ke3 N3c5 35. Rb5 Ke5 36. Rc6 Re8 37. b4 Ne6 38. f4+ Kf5 39. h3 Nxf4+ 40. Kf3 Ne5+ 41. Kf2 Nfd3+ 42. Kg2 Nxc6 43.
Rxd5+ Nde5 44. b5 Ne7 45. Rc5 Ke6 46. c4 Be4+ 47. Kf2 Rf8+ 48. Ke3 Bb7 49. Rc7 Rf3+ 50. Kd4 Nf5+ 51. Kc5 Nd3+ 52. Kb6 Be4 53. c5 Nxc5 54. Rxc5 Rxg3 55. Rc8 Nd6 56. Kc7 Rc3+ 57. Kb6 Rxc8 58. Ka7 Rc7+ 59. Kb6 Rb7+ 60. Ka6 Rxb5 61. Ka7 Bb7 62.
h4 Nc8+ 63. Kb8 Kd7 0-1

[Event "Early-Titled-Tuesday-Blitz-May-07-2024"]
[Site "Chess.com"]
[Date "2024.05.07"]
[Round "10"]
[White "ATM622"]
[Black "Kotlyar_K"]
[Result "1-0"]
[WhiteElo "2527"]
[BlackElo "2644"]
[TimeControl "180+1"]
[EndTime "10:03:37 PDT"]
[Termination "ATM622 won by checkmate"]

1. d4 Nf6 2. c4 e6 3. g3 d5 4. Bg2 Be7 5. Nf3 O-O 6. O-O c6 7.
Nbd2 b6 8. Qc2 Bb7 9. e4 Na6 10. a3 dxc4 11. e5 Nd5 12. Nxc4 c5 13. Rd1 Rc8 14.
Qb1 Qc7 15. Bg5 h6 16. Bxe7 Nxe7 17. Nd6 Bxf3 18. Bxf3 Rcd8 19. Qd3 Nb8 20. Rac1 Nc8 21. Nb5 Qd7 22. d5 exd5 23. Bxd5 Ne7 24. Be4 Qc8 25. Nd6 Qe6 26. f4 Nbc6 27. Bd5 Nxd5 28. Qxd5 Nd4 29.
Qxe6 fxe6 30. Kf2 Nf5 31. Nxf5 exf5 32. Ke3 Kf7 33. b4 Ke7 34. Rxd8 Rxd8 35. bxc5 Rc8 36.
Kd4 Rd8+ 37. Ke3 Rc8 38. c6 Ke6 39. c7 Kd7 40. Kd4 Rxc7 41. e6+ Kd8 42. Rxc7 Kxc7 43. Ke5 b5 44. Kxf5 Kd8 45. Kg6 Ke7 46. f5 a5 47.
Kxg7 b4 48. axb4 axb4 49. f6+ Kxe6 50. f7 b3 51. f8=Q b2 52. Qf7+ Ke5 53. Qb3 Ke4 54. Qxb2 Kf3 55. Kxh6 Kg4 56. Qe5 Kh3 57. Qh5+ Kg2 58.
g4 Kg1 59. g5 Kg2 60. g6 Kh1 61. g7 Kg2 62. g8=Q+ Kh1 63. Qf3+ Kxh2 64. Qgg2# 1-0

[Event "Early-Titled-Tuesday-Blitz-May-07-2024"]
[Site "Chess.com"]
[Date "2024.05.07"]
[Round "10"]
[White "Kyrko_Gamba"]
[Black "Semetey"]
[Result "0-1"]
[WhiteElo "2497"]
[BlackElo "2596"]
[TimeControl "180+1"]
[EndTime "10:03:38 PDT"]
[Termination "Semetey won by checkmate"]

1. e4 Nc6 2. Nf3 d5 3. e5 Bg4 4.
Bb5 e6 5. d4 Ne7 6. h3 Bxf3 7.
Qxf3 a6 8. Bxc6+ Nxc6 9. c3 Be7 10. O-O Qd7 11. Qd3 O-O 12. f4 f5 13. Be3 a5 14.
a4 Nb8 15. Nd2 Na6 16. Kh2 c5 17. Qb5 Qc7 18. Nb3 b6 19. Qe2 c4 20. Nd2 Nb8 21. g4 g6 22. g5 Nd7 23. h4 Kf7 24. Kg2 h5 25. Rfc1 Rfc8 26. Rab1 Qc6 27. Qd1 b5 28.
axb5 Qxb5 29. b3 cxb3 30. Rxb3 Qd3 31. Kf2 a4 32. Rb7 Rxc3 33. Rxc3 Qxc3 34. Rxd7 a3 35. Qb3 Qxb3 36. Nxb3 Rb8 37. Nc5 Ra8 38. Nb3 a2 39. Na1 Rb8 40. Ra7 Rb2+ 41. Kf3 Ke8 42. Ra6 Kd7 43. Ra7+ Kd8 44. Ra6 Bb4 45. Ra7 Kc8 46.
Ra6 Kb7 47. Ra4 Kb6 48. Bf2 Kb5 49. Ra8 Kc4 50. Rc8+ Kd3 51. Ra8 Kd2 52. Ra4 Kc1 53. Be3+ Kb1 54. Bc1 Kxc1 55. Kg3 Kb1 56. Ra6 Kxa1 57.
Rxe6 Kb1 58. Rb6 a1=Q 59. Rc6 Qa3+ 60. Rc3 Qxc3# 0-1

[Event "Early-Titled-Tuesday-Blitz-May-07-2024"]
[Site "Chess.com"]
[Date "2024.05.07"]
[Round "10"]
[White "tetrix83"]
[Black "Gareth-Bale11"]
[Result "0-1"]
[WhiteElo "2680"]
[BlackElo "2903"]
[TimeControl "180+1"]
[EndTime "10:03:43 PDT"]
[Termination "Gareth-Bale11 won on time"]

1. e4 c5 2. Nf3 Nc6 3. Bb5 e6 4. O-O Nge7 5. d4 cxd4 6. Nxd4 Ng6 7. Nc3 Bc5 8. Nb3 Bb6 9. Kh1 O-O 10. f4 Bc7 11. Be3 Kh8 12. Qh5 Qh4 13. Qxh4 Nxh4 14. f5 exf5 15. exf5 d6 16. Nd5 Bd8 17. Bd3 Ne5 18.
Be4 Re8 19. Rae1 Ng4 20. Bd2 h5 21. g3 Bd7 22. gxh4 Bxh4 23. Nc7 Bxe1 24. Rxe1 Nf2+ 25.
Kg1 Nxe4 26. Nxa8 Bxf5 27. Nd4 Bg6 28. Nc7 Rc8 29. Ba5 b6 30. Nd5 bxa5 31. Ne7 Re8 32. Nxg6+ fxg6 33. c4 a4 34. Nc6 a6 35. Nb4 Re5 36.
Nxa6 Rg5+ 37. Kf1 Nd2+ 38. Ke2 Nxc4 39. Rc1 Nxb2 40. Rc8+ Kh7 41. Rd8 Re5+ 42. Kf3 Nc4 43. Nb4 g5 44. Nc6 g4+ 45. Kf4 g5+ 46. Kg3 Re3+ 47.
Kg2 Kg6 48. Rc8 Kf6 49. Nd4 Ne5 50. Rf8+ Kg6 51. Re8 Rd3 52. Ne6 Rd2+ 53. Kf1 Nf3 54. Rd8 Nxh2+ 55. Kg1 Nf3+ 56. Kf1 g3 57. Rg8+ Kf7 0-1

[Event "Early-Titled-Tuesday-Blitz-May-07-2024"]
[Site "Chess.com"]
[Date "2024.05.07"]
[Round "10"]
[White "alpope"]
[Black "Goryachkina"]
[Result "0-1"]
[WhiteElo "2538"]
[BlackElo "2706"]
[TimeControl "180+1"]
[EndTime "10:03:43 PDT"]
[Termination "Goryachkina won by resignation"]

1. e4 c5 2. Ne2 Nc6 3. g3 g6 4. d4 cxd4 5. Nxd4 Bg7 6. Ne2 Nf6 7. Bg2 O-O 8. Nbc3 d6 9. O-O Bd7 10. h3 Rc8 11. Nd5 Nxd5 12. exd5 Ne5 13. a4 Qc7 14. Nd4 Nc4 15. c3 a6 16. Re1 Rce8 17. Ra2 e5 18. dxe6 fxe6 19. b3 Ne5 20. c4 Nf7 21.
Rae2 e5 22. Nc2 Qc8 23. Kh2 Bc6 24. Bd5 Bxd5 25. Qxd5 Kh8 26. Rd1 Bf6 27. Ne3 Be7 28. Ng4 h5 29. Nh6 Nxh6 30. Bxh6 Rf5 31. c5 dxc5 32. Rxe5 Rxf2+ 33. Kg1 Rd8 34. Kxf2 Rxd5 35. Rdxd5 Qxh3 36. Bg5 Qh2+ 37. Kf3 Qh1+ 38. Kf4 Qf1+ 39. Ke3 Bxg5+ 40. Rxg5 Qe1+ 41. Kf4 Qf2+ 42. Ke4 Qe2+ 43.
Kf4 Qf2+ 44. Ke5 Qe3+ 45. Kd6 Kg7 46. Rxc5 Qxb3 47. a5 Qd3+ 48. Rgd5 Qxg3+ 49. Kd7 h4 50. Kc8 h3 51. Rc7+ Kh6 52. Kxb7 h2 53. Rd1 Qg2+ 54. Rc6 h1=Q 55. Rxh1+ Qxh1 56. Kb6 Qf1 57. Kb7 Qb5+ 58. Rb6 Qxa5 0-1

[Event "Early-Titled-Tuesday-Blitz-May-07-2024"]
[Site "Chess.com"]
[Date "2024.05.07"]
[Round "10"]
[White "ahmedkandiliii"]
[Black "Rosh1610"]
[Result "0-1"]
[WhiteElo "2637"]
[BlackElo "2521"]
[TimeControl "180+1"]
[EndTime "10:03:45 PDT"]
[Termination "Rosh1610 won by resignation"]

1. Nf3 d5 2. g3 Nf6 3. Bg2 g6 4. O-O Bg7 5. c4 c6 6. cxd5 cxd5 7. d4 O-O 8. Nc3 Nc6 9. Ne5 Be6 10. Nxc6 bxc6 11. Na4 Nd7 12. Bf4 Rc8 13. Rc1 Qa5 14.
b3 Rfd8 15. Nc5 Nxc5 16. Rxc5 Qxa2 17. Qd3 Bf5 18. Qc3 Qxe2 19. Re1 Qd3 20. Qxd3 Bxd3 21. Rxe7 Bxd4 22. Rc1 c5 23. Rxa7 c4 24. Rb7 c3 25.
Rd1 Ba6 26. Rc7 c2 27. Rc1 Bd3 28. Bf1 Be4 29. Bg2 Rxc7 30. Bxc7 Rc8 31. Bxe4 dxe4 32.
Rxc2 Bb6 33. Rc6 Bxc7 34. b4 Kf8 35. b5 Ke7 36. b6 Kd7 37. Rxc7+ Rxc7 38. bxc7 Kxc7 39.
Kf1 Kd6 40. Ke2 Ke5 41. Ke3 f5 42. h4 h6 43. Ke2 Kd4 44. Kd2 g5 45. hxg5 hxg5 46.
Ke2 f4 47. gxf4 gxf4 48. Kd2 Ke5 49. Ke2 Kf5 50. Kf1 Kg4 51. Kg2 Kh4 52. Kh2 f3 53. Kh1 Kg4 54. Kh2 Kh4 55. Kg1 Kh3 56. Kh1 e3 57.
fxe3 f2 0-1

[Event "Early-Titled-Tuesday-Blitz-May-07-2024"]
[Site "Chess.com"]
[Date "2024.05.07"]
[Round "10"]
[White "tusplingher"]
[Black "krzyzan94"]
[Result "0-1"]
[WhiteElo "2566"]
[BlackElo "2790"]
[TimeControl "180+1"]
[EndTime "10:03:47 PDT"]
[Termination "krzyzan94 won by resignation"]

1. e4 c5 2. Nf3 d6 3. d4 cxd4 4. Nxd4 Nf6 5. Bd3 Nc6 6. Be3 Ng4 7. Nxc6 bxc6 8. Bd2 Qb6 9. O-O Ne5 10. Bc3 Nxd3 11. cxd3 e5 12. d4 Ba6 13. Re1 f6 14. dxe5 dxe5 15. Qh5+ g6 16. Qf3 Be7 17. Nd2 O-O 18. Nb3 Bc4 19. Nd2 Be6 20. a3 Rad8 21. Rad1 Rd7 22.
Nf1 Rfd8 23. Rxd7 Rxd7 24. Rd1 Qb3 25. Rxd7 Bxd7 26. Qd3 Be6 27. Ne3 Kf7 28. h3 h5 29.
Qa6 Qb6 30. Qd3 Qb5 31. Qd2 Qa4 32. Bb4 c5 33. Bc3 Qxe4 34. Qe2 c4 35. Qd2 Qd3 36.
Qe1 Bc5 37. Bb4 Bd4 38. Bc3 Bxc3 39. bxc3 f5 40. Qc1 f4 41. Nf1 Bd5 42. Qe1 Qe4 43.
Qxe4 Bxe4 44. Nd2 Bd3 45. f3 Ke6 46. Kf2 h4 47. Ke1 Kd6 48. Kd1 Kd5 49. Ke1 g5 50. Kd1 Kc5 51. Kc1 Kb5 52. Kb2 a6 53. Ka2 Kc6 54. Kb2 Kd5 55. Kc1 e4 56. fxe4+ Bxe4 57.
Kd1 Bxg2 58. Ke2 Bxh3 59. Kf3 Bf5 60. Nf1 h3 61. Nh2 Ke5 62. Nf1 g4+ 63. Kf2 Be4 64. Nd2 g3+ 65. Ke2 h2 66. Nxc4+ Kf6 67. Nb6 h1=Q 0-1

[Event "Early-Titled-Tuesday-Blitz-May-07-2024"]
[Site "Chess.com"]
[Date "2024.05.07"]
[Round "10"]
[White "alexrustemov"]
[Black "ilqar_74"]
[Result "0-1"]
[WhiteElo "2931"]
[BlackElo "2840"]
[TimeControl "180+1"]
[EndTime "10:03:48 PDT"]
[Termination "ilqar_74 won by checkmate"]

1. d4 Nf6 2. c4 e6 3. Nf3 d5 4.
cxd5 exd5 5. Nc3 Bb4 6. Bd2 O-O 7. a3 Bd6 8. Bg5 c6 9. e3 h6 10. Bh4 Bf5 11. Bd3 Bxd3 12. Qxd3 Nbd7 13. O-O Qe7 14.
Rab1 a5 15. Qc2 Qe6 16. Rfc1 Rfc8 17. b4 axb4 18. axb4 b5 19. Ne1 Nb6 20. Nd3 Nc4 21. Ra1 Ne4 22. Bg3 Nxg3 23. hxg3 Nxe3 24. fxe3 Qxe3+ 25. Kf1 Rxa1 26. Rxa1 Qxd4 27. Rb1 Qc4 28. Qd2 Bxg3 29. Ne2 Bd6 30. Rc1 Qe4 31. Qc3 h5 32. Qd4 Qf5+ 33. Kg1 Qe4 34. Qxe4 dxe4 35. Nc5 f5 36. g3 g6 37. Kf2 Ra8 38. Ne6 Ra6 39. N6d4 Bxb4 40. Nxc6 Bd6 41. Ncd4 b4 42. Rc8+ Kf7 43. Rd8 Be5 44. Rd7+ Kf6 45. Rb7 Bd6 46. Nb5 Bc5+ 47. Ke1 b3 48. Nbd4 Bxd4 49. Nxd4 b2 50. Ke2 Ra2 51. Ke3 Ra3+ 52. Kf2 Ra2 53. Ke3 Ke5 54. Ne2 g5 55. Nc3 f4+ 56. gxf4+ gxf4+ 57. Kd2 b1=Q+ 58. Nxa2 Qxb7 59. Nc3 Qb2+ 60. Kd1 Qxc3 61. Ke2 Qb2+ 62. Kf1 e3 63. Kg1 f3 64. Kh1 Qg2# 0-1

[Event "Early-Titled-Tuesday-Blitz-May-07-2024"]
[Site "Chess.com"]
[Date "2024.05.07"]
[Round "10"]
[White "cycygogne"]
[Black "hsd2016"]
[Result "0-1"]
[WhiteElo "2156"]
[BlackElo "2332"]
[TimeControl "180+1"]
[EndTime "10:03:52 PDT"]
[Termination "hsd2016 won by checkmate"]

1. e4 e5 2. Nf3 Nc6 3. Bc4 Nf6 4. d4 exd4 5. Ng5 Ne5 6. Bb3 h6 7.
f4 hxg5 8. fxe5 Nxe4 9. Qxd4 Nc5 10. Be3 Ne6 11. Qd2 c6 12. Nc3 Qc7 13. O-O-O a5 14. a4 Qxe5 15. Rhe1 Bb4 16. Bxg5 Bxc3 17. bxc3 Qc5 18.
Kb2 O-O 19. Be3 Qh5 20. g4 Qg6 21. h4 d5 22. h5 Qxg4 23. Rg1 Qxh5 24. Rh1 Qf5 25. Qh2 f6 26. Rdf1 Qe4 27. Bh6 b5 28. Rhg1 bxa4 29. Re1 Qh7 30. Rxe6 Bxe6 31. Rxg7+ Qxg7 32. Bxg7 Kxg7 33. Bxa4 Rab8+ 34. Kc1 Rb7 35. Bxc6 Rbf7 36.
Bb5 f5 37. Bd3 Rf6 38. Qc7+ R8f7 39. Qxa5 f4 40. Qc5 f3 41. Qf2 Rf4 42. Qg3+ Kf8 43. Qf2 Rg4 44. Bf1 Kg7 45. Kd2 Rgf4 46. Qg3+ Kf8 47.
Qf2 Bf5 48. Qc5+ Kg7 49. Qxd5 Rd7 50. c4 Rxd5+ 51. cxd5 Rd4+ 52. Ke3 Rxd5 53. Kxf3 Bxc2 54. Bc4 Rd6 55. Kf4 Bg6 56. Ke5 Rb6 57. Bd5 Bf7 58. Be4 Rb5+ 59. Kf4 Rb4 60. Ke3 Kf6 61. Bf3 Ke5 62.
Be2 Rb3+ 63. Kd2 Bd5 64. Bd1 Rg3 65. Be2 Kd4 66. Bd1 Rg2+ 67. Ke1 Ke3 68. Bf3 Rg1# 0-1

[Event "Early-Titled-Tuesday-Blitz-May-07-2024"]
[Site "Chess.com"]
[Date "2024.05.07"]
[Round "10"]
[White "Journey_to_GrandMaster_YT"]
[Black "Acva-Alenok"]
[Result "0-1"]
[WhiteElo "2507"]
[BlackElo "2361"]
[TimeControl "180+1"]
[EndTime "10:03:53 PDT"]
[Termination "Acva-Alenok won by resignation"]

1. d4 Nf6 2. Nf3 e6 3. e3 b6 4.
Bd3 Bb7 5. O-O c5 6. b3 cxd4 7. exd4 Be7 8. Bb2 O-O 9. Nbd2 d5 10. Ne5 Nbd7 11. Qe2 Rc8 12. f4 Bb4 13. Ndf3 Ne4 14. Bxe4 dxe4 15. Ng5 Nxe5 16. dxe5 e3 17. Rad1 Bd2 18.
c4 b5 19. cxb5 Rc2 20. Bc1 Qd4 21. a4 h6 22. Nf3 Bxf3 23. gxf3 Rfc8 24. Bxd2 Rxd2 25.
Rxd2 exd2+ 26. Kg2 Rc1 27. Rd1 Rxd1 28. Qxd1 Qxf4 29. Kf2 Qxh2+ 30. Ke3 Qxe5+ 31. Kxd2 h5 32. Kc2 Qc5+ 33. Kb2 Qf2+ 34. Ka3 h4 35. Qd8+ Kh7 36. Qg5 g6 37. Qf6 Kg8 38. a5 Qc5+ 39. Ka4 h3 40. Qd8+ Kg7 41. Qh4 Qh5 42. Qd4+ e5 43. Qg1 h2 44. Qh1 Qh4+ 45. b4 Qg3 46. b6 Qg1 47.
Qxg1 hxg1=Q 48. b7 Qa1+ 49. Kb5 Qf1+ 50. Ka4 Qd1+ 51.
Kb5 Qd8 52. Ka6 Qb8 53. b5 g5 54. b6 axb6 55. Kxb6 Qd8+ 56. Kb5 e4 57. fxe4 g4 58. a6 Qc7 59. e5 g3 60. a7 Qxb7+ 61. Kc4 g2 0-1